[Event "Titled Tuesday Blitz July 11 Early 2023"]
[White "Ionescu, Mihai"]
[Black "Wernberg, Hugo"]
[WhiteFideId "1202499"]
[BlackFideId "1737511"]
[WhiteElo "2544"]
[BlackElo "2312"]
[Result "0-1"]
[Round "8"]
[TimeControl "180+2"]
[Date "2023.07.11"]
[WhiteClock "0:00:32"]
[BlackClock "0:00:10"]
[Board "141"]

1. Nf3 d5 2. g3 Bf5 3. Bg2 Nf6 4. d3 e6 5. O-O Nbd7 6. Nfd2 Bg6 7. Qe1 Bc5 8. e4 O-O 9. h3 c6 10. Kh1 dxe4 11. dxe4 e5 12. f4 h6 13. Nc3 Re8 14. f5 Bh7 15. b3 Bd4 16. Bb2 Nc5 17. Na4 Nxa4 18. Bxd4 Qxd4 19. bxa4 Qxa4 20. c4 Rad8 21. g4 b6 22. Qe2 Qc2 23. Rfd1 Nd7 24. a3 Nc5 25. Rac1 Qb2 26. Qe3 Rd3 27. Qe1 Red8 28. Nf1 Qxa3 29. Rxd3 Nxd3 30. Qd2 Qxc1 31. Qxc1 Nxc1 32. h4 a5 33. g5 hxg5 34. hxg5 a4 35. Ng3 a3 36. g6 fxg6 37. fxg6 Bxg6 38. Bh3 a2 39. Be6+ Kh8 0-1


[Site "https://www.chess.com"]

[Event "Titled Tuesday Blitz July 11 Early 2023"]
[White "slidingknight2775"]
[Black "Mikhaylova, Irina"]
[BlackFideId "4109040"]
[WhiteElo "2498"]
[BlackElo "2282"]
[Result "1/2-1/2"]
[Round "8"]
[TimeControl "180+2"]
[Date "2023.07.11"]
[WhiteClock "0:00:23"]
[BlackClock "0:00:38"]
[Board "142"]

1. Nf3 Nf6 2. g3 g6 3. Bg2 Bg7 4. O-O O-O 5. c4 c6 6. d4 d5 7. cxd5 cxd5 8. Nc3 e6 9. Ne5 Nfd7 10. Nxd7 Bxd7 11. Bf4 Qb6 12. Be3 Qxb2 13. Qd3 Qb6 14. Rab1 Qa6 15. Qxa6 bxa6 16. Rb7 Bb5 17. Nxb5 axb5 18. Rxb5 Nc6 19. Rd1 Rfb8 20. a4 a6 21. Rc5 Nb4 22. Bf4 Rc8 23. Rdc1 Rxc5 24. dxc5 Rc8 25. e4 Nd3 26. Rc2 Rxc5 27. Rxc5 Nxc5 28. exd5 exd5 29. Bxd5 Nxa4 30. Bc4 a5 31. Bd2 Bc3 32. Bb5 Bxd2 33. Bxa4 f5 34. Kf1 Kg7 35. Ke2 Bb4 36. Kd3 Kf6 37. f4 Bc5 38. Ke2 g5 39. fxg5+ Kxg5 40. Kf3 Bg1 41. h3 Kf6 42. g4 fxg4+ 43. Kxg4 Ke5 44. Kf3 Kd4 45. Kg2 Be3 46. Kh1 Kc3 47. h4 Bf2 48. Be8 Bxh4 49. Bd7 Bf6 50. Be8 Be5 51. Bd7 h6 52. Be8 Kd4 53. Bd7 Ke3 54. Be8 Kf4 55. Bd7 Kg3 56. Be8 Kh4 57. Bd7 Kg5 58. Be8 Kf6 59. Ba4 Ke7 60. Bb5 Kd6 61. Ba4 Kc7 62. Be8 Kd8 63. Ba4 Ke7 64. Bb5 Bf4 65. Ba4 Bg5 66. Bb5 h5 67. Ba4 h4 68. Bb5 Kf6 69. Ba4 Ke5 70. Bb5 Kd4 71. Ba4 Bf4 72. Be8 Bg3 73. Ba4 Kc5 74. Be8 Kd6 75. Ba4 Kc5 76. Be8 Kb4 77. Bd7 Kc5 78. Be8 1/2-1/2


[Site "https://www.chess.com"]

[Event "Titled Tuesday Blitz July 11 Early 2023"]
[White "tomobeast"]
[Black "MateoReyes"]
[WhiteElo "2276"]
[BlackElo "2469"]
[Result "0-1"]
[Round "8"]
[TimeControl "180+2"]
[Date "2023.07.11"]
[WhiteClock "0:00:18"]
[BlackClock "0:02:02"]
[Board "143"]

1. e4 c5 2. Nf3 d6 3. d4 cxd4 4. Nxd4 Nf6 5. Nc3 a6 6. Bg5 e6 7. f4 Nbd7 8. Qf3 Qc7 9. O-O-O Be7 10. g4 h6 11. Bxf6 Nxf6 12. h4 g6 13. Bd3 Bd7 14. Rhe1 O-O-O 15. e5 Ne8 16. Bxa6 bxa6 17. Qa8+ Qb8 18. Qxa6+ Qb7 19. Qc4+ Kb8 20. Ncb5 Rc8 21. Qb4 Bxb5 22. Nxb5 d5 23. Qa4 Rc4 24. Qa5 Bb4 25. Qd8+ Rc8 26. Rxd5 exd5 27. Qxd5 Qxd5 0-1


[Site "https://www.chess.com"]

[Event "Titled Tuesday Blitz July 11 Early 2023"]
[White "Thiel, Thomas"]
[Black "Omariev, Maksim"]
[WhiteFideId "4615964"]
[BlackFideId "4193423"]
[WhiteElo "2226"]
[BlackElo "2404"]
[Result "0-1"]
[Round "8"]
[TimeControl "180+2"]
[Date "2023.07.11"]
[WhiteClock "0:01:43"]
[BlackClock "0:02:16"]
[Board "145"]

1. e4 c5 2. Nc3 d6 3. f4 Nc6 4. Nf3 g6 5. Bc4 Bg7 6. O-O e6 7. f5 gxf5 8. d3 Nge7 9. Qe1 h6 10. Qg3 Rg8 11. Qh3 fxe4 12. dxe4 d5 13. exd5 exd5 0-1


[Site "https://www.chess.com"]

[Event "Titled Tuesday Blitz July 11 Early 2023"]
[White "cedchass2006"]
[Black "Atanasov, Radislav"]
[BlackFideId "2901471"]
[WhiteElo "2397"]
[BlackElo "2214"]
[Result "0-1"]
[Round "8"]
[TimeControl "180+2"]
[Date "2023.07.11"]
[WhiteClock "0:00:00"]
[BlackClock "0:01:03"]
[Board "146"]

1. e4 e5 2. Nf3 Nc6 3. Bb5 a6 4. Ba4 Nf6 5. O-O Nxe4 6. Re1 Nc5 7. Bxc6 dxc6 8. d4 Ne6 9. dxe5 Qxd1 10. Rxd1 Be7 11. Nc3 Bd7 12. Ne4 O-O-O 13. Be3 Rhe8 14. Neg5 Nxg5 15. Nxg5 Bf5 16. Nxf7 Rxd1+ 17. Rxd1 Bxc2 18. Rd2 Bg6 19. Ng5 Bb4 20. Rd4 Bc5 21. Rh4 Bxe3 22. fxe3 Rxe5 23. Nxh7 Rxe3 24. Nf8 Bf7 25. Kf2 Re8 26. Nh7 Bxa2 27. Rg4 Re7 28. h4 b5 29. Rg5 Bc4 30. g4 a5 31. Kf3 a4 32. h5 Kb7 33. Rf5 Kb6 34. Ng5 b4 35. Rf4 Bd5+ 36. Kf2 c5 37. Nh3 a3 38. bxa3 bxa3 39. Ra4 a2 40. Ra3 Re4 41. Kg3 Re3+ 0-1


[Site "https://www.chess.com"]

[Event "Titled Tuesday Blitz July 11 Early 2023"]
[White "Grigoryan, Meri"]
[Black "Villuendas Valero, Adrian"]
[WhiteFideId "13300571"]
[BlackFideId "2262460"]
[WhiteElo "2153"]
[BlackElo "2388"]
[Result "1-0"]
[Round "8"]
[TimeControl "180+2"]
[Date "2023.07.11"]
[WhiteClock "0:00:22"]
[BlackClock "0:00:35"]
[Board "147"]

1. d4 Nf6 2. Nf3 c5 3. dxc5 e6 4. Nc3 Bxc5 5. e3 d5 6. Bd3 Nc6 7. O-O O-O 8. e4 dxe4 9. Nxe4 Nxe4 10. Bxe4 Qxd1 11. Rxd1 Rd8 12. Bg5 f6 13. Bxc6 Rxd1+ 14. Rxd1 bxc6 15. Rd8+ Kf7 16. Be3 Be7 17. Rh8 h6 18. h4 Bb7 19. Rxa8 Bxa8 20. Bxa7 e5 21. a3 Ke6 22. Kf1 c5 23. Ke2 Kd7 24. c3 Kc6 25. b4 cxb4 26. axb4 Kb5 27. g3 Kc4 28. Nd2+ Kxc3 29. b5 Kb4 30. b6 Kb5 31. Kd3 Bc5 32. Nc4 Bxf2 33. b7 Bxb7 34. Bxf2 e4+ 35. Kd4 g5 36. Nd6+ Kc6 37. Nxb7 Kxb7 38. hxg5 hxg5 39. Kxe4 Kc6 40. Kf5 Kd7 41. Kxf6 Ke8 42. Kxg5 Kf7 43. g4 Kg7 44. Bd4+ Kf7 45. Kh6 Kg8 46. g5 Kf8 47. g6 Kg8 48. g7 Kf7 49. Kh7 Ke6 50. g8=Q+ Kd6 51. Qg5 1-0


[Site "https://www.chess.com"]

[Event "Titled Tuesday Blitz July 11 Early 2023"]
[White "Haitin, Ilja"]
[Black "Gyulamiryan-koryun"]
[WhiteFideId "4501764"]
[WhiteElo "2370"]
[BlackElo "1830"]
[Result "1-0"]
[Round "8"]
[TimeControl "180+2"]
[Date "2023.07.11"]
[WhiteClock "0:01:08"]
[BlackClock "0:00:52"]
[Board "148"]

1. Nf3 Nf6 2. b3 g6 3. Bb2 Bg7 4. e3 O-O 5. d4 c6 6. c4 e6 7. Be2 d5 8. O-O Nbd7 9. Nc3 a6 10. c5 Re8 11. b4 Ng4 12. h3 Nh6 13. e4 dxe4 14. Nxe4 Nf5 15. Qb3 b5 16. g4 Ne7 17. Nd6 Rf8 18. Ne5 Nd5 19. f4 Qh4 20. Kg2 a5 21. a3 a4 22. Qg3 Qxg3+ 23. Kxg3 Nxe5 24. dxe5 Bd7 25. Bf3 f6 26. Bxd5 exd5 27. exf6 Bxf6 28. Bxf6 Rxf6 29. Rae1 Kf8 30. Re5 Re6 31. Rfe1 Ke7 32. Rxe6+ Bxe6 33. f5 gxf5 34. gxf5 Rg8+ 35. Kf4 Rg2 36. Rxe6+ Kd7 37. Rh6 Rf2+ 38. Ke5 Re2+ 39. Kf6 Re7 40. Nf7 d4 41. Rxh7 Ke8 42. Nd6+ Kd7 43. Rxe7+ Kd8 44. Ke6 d3 45. Rd7# 1-0


[Site "https://www.chess.com"]

[Event "Titled Tuesday Blitz July 11 Early 2023"]
[White "Safin, Robert"]
[Black "Tqebuchava, Zurab"]
[WhiteFideId "34189120"]
[BlackFideId "13601113"]
[WhiteElo "2543"]
[BlackElo "2072"]
[Result "1-0"]
[Round "8"]
[TimeControl "180+2"]
[Date "2023.07.11"]
[WhiteClock "0:00:05"]
[BlackClock "0:00:00"]
[Board "149"]

1. e4 g6 2. d4 Bg7 3. Nc3 c6 4. Nge2 d6 5. a4 a5 6. g3 Bg4 7. Bg2 Bxe2 8. Nxe2 Nd7 9. O-O Ngf6 10. c3 e5 11. h3 O-O 12. Be3 Qc7 13. Qc2 Rfe8 14. Rae1 Rad8 15. Kh2 h6 16. Kh1 Kh7 17. f4 exd4 18. Bxd4 Nc5 19. e5 Nd5 20. Bxc5 dxc5 21. Nc1 c4 22. Qe4 Qb6 23. Re2 Qc5 24. h4 Kh8 25. h5 Nf6 26. exf6 Rxe4 27. fxg7+ Kxg7 28. Rxe4 Qxh5+ 29. Kg1 Rd2 30. b4 axb4 31. cxb4 c3 32. f5 c2 33. f6+ Kh7 34. Re7 Rd1 35. Rxf7+ Kg8 36. Re7 Rxf1+ 37. Bxf1 Qg5 38. Bc4+ Kf8 39. Rf7+ Ke8 40. Re7+ Kd8 41. Re1 Qxf6 42. Bd3 Qd4+ 43. Kf1 Qxb4 44. Bxc2 Qc4+ 45. Bd3 Qf7+ 46. Ke2 Qe6+ 47. Kd2 Qd6 48. Re3 Qb4+ 49. Kd1 Qxa4+ 50. Bc2 Qa6 51. Bxg6 Kc7 52. Bd3 Qa4+ 53. Bc2 Qg4+ 54. Kd2 b5 55. Nd3 Kb6 56. Ne5 Qd4+ 57. Ke2 Qb2 58. Kd1 Qa1+ 59. Kd2 Qa5+ 60. Ke2 Qa2 61. Kd2 Qd5+ 62. Bd3 Qd4 63. Ke2 Qb2+ 64. Kf3 Qa1 65. Re4 Qb2 66. Ke3 Qa1 67. g4 Qb2 68. Nd7+ Ka5 69. Ne5 Qc3 70. Rd4 Qb2 71. Be4 Qc3+ 72. Bd3 Qb2 73. Nxc6+ Kb6 74. Nb4 Qc3 75. Nd5+ Kc5 76. Nxc3 b4 77. Rc4+ 1-0


[Site "https://www.chess.com"]

[Event "Titled Tuesday Blitz July 11 Early 2023"]
[White "Balla, Tamas-Kristof"]
[Black "rionelG"]
[WhiteFideId "1208497"]
[WhiteElo "2440"]
[BlackElo "2250"]
[Result "0-1"]
[Round "8"]
[TimeControl "180+2"]
[Date "2023.07.11"]
[WhiteClock "0:00:20"]
[BlackClock "0:00:35"]
[Board "151"]

1. e4 c5 2. Nf3 d6 3. d4 cxd4 4. Qxd4 Nc6 5. Qe3 Nf6 6. h3 g6 7. Be2 Bg7 8. O-O O-O 9. Rd1 Nd7 10. c4 b6 11. Nc3 a6 12. b3 Bb7 13. Bb2 Nce5 14. Rac1 Qb8 15. Ba3 Nxf3+ 16. Bxf3 Bc6 17. Nd5 Bxd5 18. exd5 Re8 19. Re1 b5 20. Bg4 Ne5 21. Bd1 b4 22. Bb2 Nf3+ 23. Bxf3 Bxb2 24. Rc2 Bc3 25. Ree2 a5 26. h4 h5 27. g4 hxg4 28. Bxg4 Kg7 29. h5 Bf6 30. hxg6 fxg6 31. f3 Rh8 32. Rh2 a4 33. Rxh8 Qxh8 34. Rh2 Bh4 35. Be6 axb3 36. Qd4+ Bf6 37. Rxh8 Bxd4+ 0-1


[Site "https://www.chess.com"]

[Event "Titled Tuesday Blitz July 11 Early 2023"]
[White "Pein, Jonathan"]
[Black "Mishra, Manoj"]
[WhiteFideId "417092"]
[BlackFideId "5006007"]
[WhiteElo "2432"]
[BlackElo "2182"]
[Result "1/2-1/2"]
[Round "8"]
[TimeControl "180+2"]
[Date "2023.07.11"]
[WhiteClock "0:00:08"]
[BlackClock "0:00:08"]
[Board "152"]

1. e4 Nf6 2. e5 Nd5 3. d4 d6 4. c4 Nb6 5. f4 dxe5 6. fxe5 Nc6 7. Be3 Bf5 8. Nc3 e6 9. Nf3 Nb4 10. Rc1 c5 11. a3 cxd4 12. Nxd4 Nc6 13. Nxc6 bxc6 14. Be2 Be7 15. O-O O-O 16. Qe1 Bg5 17. Qf2 Bxe3 18. Qxe3 Qh4 19. Rf4 Qe7 20. h4 Rad8 21. g4 Qxh4 22. gxf5 Qg5+ 23. Kf1 exf5 24. Re1 Rfe8 25. Rf3 Qg4 26. Rf2 Nxc4 27. Bxg4 Nxe3+ 28. Rxe3 fxg4 29. Re4 h5 30. Ne2 g5 31. Nd4 g3 32. Rf5 Kg7 33. Rxg5+ Kh6 34. Rxg3 Rg8 35. Rf3 Rd7 36. Nxc6 Rc8 37. Rf6+ Kg5 38. Ref4 h4 39. b4 Rxc6 40. Rxc6 Kxf4 41. Rh6 Kg3 42. e6 fxe6 43. Rxe6 Rf7+ 44. Kg1 h3 45. Rg6+ Kf3 46. Kh2 Rh7 47. b5 Ke4 48. a4 Kd5 49. a5 Kc5 50. Rg5+ Kb4 51. b6 axb6 52. axb6 Kc4 53. Ra5 Rb7 54. Ra3 Rxb6 55. Rxh3 Rb2+ 56. Kg3 Kd4 57. Kh4 Ke5 58. Rg3 Kf5 59. Rf3+ Ke5 60. Rg3 Rb4+ 61. Kh3 Kf5 62. Kg2 Rb2+ 63. Kf3 Rb3+ 64. Kf2 Rxg3 65. Kxg3 1/2-1/2


[Site "https://www.chess.com"]

[Event "Titled Tuesday Blitz July 11 Early 2023"]
[White "Baruch, Liam"]
[Black "Mazurkiewicz, Michal"]
[WhiteFideId "14322064"]
[BlackFideId "1124943"]
[WhiteElo "2170"]
[BlackElo "2405"]
[Result "0-1"]
[Round "8"]
[TimeControl "180+2"]
[Date "2023.07.11"]
[WhiteClock "0:00:17"]
[BlackClock "0:01:48"]
[Board "153"]

1. e4 d6 2. d4 Nf6 3. Nc3 c6 4. Be3 e5 5. Qd2 Ng4 6. Bg5 Qb6 7. f3 Nf6 8. dxe5 dxe5 9. O-O-O Bb4 10. a3 Be7 11. h4 Be6 12. h5 h6 13. Be3 Qa5 14. Nb1 Qc7 15. g4 Nbd7 16. Qc3 Nh7 17. f4 exf4 18. Bd4 f6 19. Be2 Ng5 20. Bf3 Ne5 21. Bxe5 Qxe5 22. Qxe5 fxe5 23. Nd2 Bc5 24. Kb1 Rd8 25. Nh3 Nxf3 26. Nxf3 Rxd1+ 27. Rxd1 Bxg4 28. b4 Bxf3 29. Rf1 Bg2 30. Rg1 Bxg1 31. Nxg1 Bxe4 0-1


[Site "https://www.chess.com"]

[Event "Titled Tuesday Blitz July 11 Early 2023"]
[White "Rian, Kapriaga"]
[Black "Lisjak, Zlatko"]
[WhiteFideId "7103263"]
[BlackFideId "14502186"]
[WhiteElo "2376"]
[BlackElo "2167"]
[Result "1-0"]
[Round "8"]
[TimeControl "180+2"]
[Date "2023.07.11"]
[WhiteClock "0:00:39"]
[BlackClock "0:00:00"]
[Board "154"]

1. d4 d6 2. Nf3 Bg4 3. e3 Nd7 4. Be2 e5 5. O-O f5 6. b3 g6 7. Bb2 Bg7 8. dxe5 dxe5 9. Nbd2 Ne7 10. Nc4 Bxf3 11. Bxf3 O-O 12. Bxb7 Rb8 13. Bd5+ Kh8 14. Be6 Nc5 15. Qxd8 Rfxd8 16. Ba3 Nxe6 17. Bxe7 Rd7 18. Ba3 Rbd8 19. g3 e4 20. Rab1 Ng5 21. Kg2 Nf3 22. Bc5 h5 23. Bxa7 Ra8 24. Bc5 Rxa2 25. Rfc1 Bc3 26. h4 Kg7 27. Ba3 Nd2 28. Rd1 Kf6 29. Rbc1 Rd5 30. Nxd2 Bxd2 31. Bb4 Bxc1 32. Rxd5 Rxc2 33. Bc5 c6 34. Rd6+ Kf7 35. b4 Bd2 36. Kf1 Ra2 37. Rxc6 Ra1+ 38. Ke2 Bc3 39. Rc7+ Ke8 40. f4 Ra2+ 41. Kf1 Rh2 42. Kg1 Rb2 43. Rc6 Kf7 44. Rb6 Rb1+ 45. Kg2 Rb2+ 46. Kh3 Be1 47. Bd4 Re2 48. Rf6+ Ke7 49. Rxg6 Bxb4 50. Rg5 Be1 51. Rxh5 1-0


[Site "https://www.chess.com"]

[Event "Titled Tuesday Blitz July 11 Early 2023"]
[White "HeinichessPY"]
[Black "Glavina, Pablo"]
[BlackFideId "100234"]
[WhiteElo "2158"]
[BlackElo "2374"]
[Result "1/2-1/2"]
[Round "8"]
[TimeControl "180+2"]
[Date "2023.07.11"]
[WhiteClock "0:00:10"]
[BlackClock "0:00:27"]
[Board "155"]

1. e4 e5 2. Nf3 Nc6 3. Bc4 Nf6 4. d3 Bc5 5. c3 O-O 6. O-O d6 7. Re1 Bb6 8. Nbd2 a5 9. h3 a4 10. Nf1 Bd7 11. Ng3 Na5 12. Be3 Nxc4 13. dxc4 Bxe3 14. Rxe3 Be6 15. Qe2 c6 16. Rd1 Qc7 17. Ng5 h6 18. Nxe6 fxe6 19. Red3 Rad8 20. f3 Qb6+ 21. Qf2 Qxf2+ 22. Kxf2 d5 23. cxd5 exd5 24. Ke3 Kf7 25. R3d2 g6 26. Ke2 Ke7 27. Ke3 Rd7 28. exd5 cxd5 29. Kf2 Rfd8 30. Re2 Kd6 31. Ne4+ Nxe4+ 32. fxe4 Ke6 33. exd5+ Rxd5 34. Rxd5 Rxd5 35. Ke3 a3 36. bxa3 Ra5 37. Rb2 Rxa3 38. Rxb7 Rxc3+ 39. Ke4 Rc4+ 40. Ke3 Rc2 41. g4 Rxa2 42. Rb6+ Kf7 43. Ke4 Re2+ 44. Kf3 Ra2 45. Ke4 Rh2 46. Kxe5 Rxh3 47. Rb7+ Ke8 48. Kf6 g5 49. Ke6 Re3+ 50. Kf5 Ra3 51. Rh7 Ra5+ 52. Ke6 Ra6+ 53. Kf5 Ra5+ 54. Ke6 Ra6+ 55. Ke5 Kf8 56. Kf5 Kg8 57. Rb7 Ra4 58. Kg6 Ra6+ 59. Kh5 Rf6 60. Rc7 Ra6 61. Rb7 Rf6 1/2-1/2


[Site "https://www.chess.com"]

[Event "Titled Tuesday Blitz July 11 Early 2023"]
[White "Bashirli, Saadat"]
[Black "Vila Dupla, Aurelio"]
[WhiteFideId "13429990"]
[BlackFideId "2203383"]
[WhiteElo "2344"]
[BlackElo "2146"]
[Result "1-0"]
[Round "8"]
[TimeControl "180+2"]
[Date "2023.07.11"]
[WhiteClock "0:01:10"]
[BlackClock "0:00:15"]
[Board "156"]

1. e4 c5 2. Nf3 d6 3. c3 Nf6 4. Bd3 Bg4 5. Bc2 e6 6. d4 cxd4 7. cxd4 Be7 8. O-O O-O 9. Nc3 d5 10. e5 Nfd7 11. h3 Bh5 12. Be3 Bg6 13. Bxg6 fxg6 14. Rc1 Nc6 15. Qe2 Rf5 16. Rfd1 Qf8 17. a3 Qf7 18. b4 Rf8 19. Nb5 Nb6 20. Nd6 Bxd6 21. exd6 Nc4 22. b5 N6a5 23. Rc3 Qd7 24. a4 Qxd6 25. Bc1 e5 26. dxe5 Nxe5 27. Ba3 Nxf3+ 28. Rxf3 Qf6 29. Bxf8 Qxf8 30. Qe6+ Kh8 31. Rxf5 gxf5 32. Qxd5 1-0


[Site "https://www.chess.com"]

[Event "Titled Tuesday Blitz July 11 Early 2023"]
[White "Fernandez, Michael"]
[Black "Horokoskii"]
[WhiteFideId "5803560"]
[WhiteElo "2341"]
[BlackElo "2140"]
[Result "1-0"]
[Round "8"]
[TimeControl "180+2"]
[Date "2023.07.11"]
[WhiteClock "0:01:33"]
[BlackClock "0:00:27"]
[Board "157"]

1. c4 Nf6 2. g3 g6 3. Bg2 Bg7 4. Nc3 d6 5. e4 O-O 6. Nge2 Nbd7 7. O-O c6 8. d4 e5 9. d5 c5 10. b3 Ne8 11. h3 a6 12. Be3 f5 13. Qd2 Nef6 14. f4 fxe4 15. Nxe4 Nxe4 16. Bxe4 exf4 17. Bxf4 Be5 18. Bh6 Bg7 19. Rxf8+ Qxf8 20. Rf1 Qe8 21. Bxg7 Kxg7 22. Nf4 Qxe4 23. Ne6+ Kg8 24. Qh6 1-0


[Site "https://www.chess.com"]

[Event "Titled Tuesday Blitz July 11 Early 2023"]
[White "Shapiro, Daniel"]
[Black "Roque Sola, Jose Luis"]
[WhiteFideId "2001780"]
[BlackFideId "5120390"]
[WhiteElo "2326"]
[BlackElo "2137"]
[Result "1-0"]
[Round "8"]
[TimeControl "180+2"]
[Date "2023.07.11"]
[WhiteClock "0:00:16"]
[BlackClock "0:00:03"]
[Board "158"]

1. d4 Nf6 2. c4 g6 3. Nc3 d5 4. Qb3 dxc4 5. Qxc4 a6 6. e4 b5 7. Qd3 c5 8. dxc5 Qxd3 9. Bxd3 Nc6 10. Nf3 e5 11. Nd5 Nxd5 12. exd5 Nb4 13. Bb1 Bxc5 14. Nxe5 O-O 15. O-O Nxd5 16. Be4 Be6 17. Bh6 Rfe8 18. Rfd1 Rad8 19. Rac1 Bf8 20. Bd2 Bg7 21. Nc6 Rd6 22. b3 Nf6 23. Bf3 Bf5 24. Bb4 Rxd1+ 25. Rxd1 Be4 26. Ne7+ Kh8 27. Bxe4 Nxe4 28. Re1 Ng5 29. Nxg6+ hxg6 30. Rxe8+ Kh7 31. Ra8 1-0


[Site "https://www.chess.com"]

[Event "Titled Tuesday Blitz July 11 Early 2023"]
[White "Calhoun, Luke"]
[Black "Fajdetic, Hrvoje"]
[WhiteFideId "2064421"]
[BlackFideId "14501945"]
[WhiteElo "2125"]
[BlackElo "2323"]
[Result "0-1"]
[Round "8"]
[TimeControl "180+2"]
[Date "2023.07.11"]
[WhiteClock "0:00:00"]
[BlackClock "0:00:01"]
[Board "159"]

1. d4 d5 2. c4 e6 3. Nf3 f5 4. e3 Nf6 5. Nbd2 c6 6. Ne5 Bd6 7. Ndf3 O-O 8. Be2 b6 9. O-O Bb7 10. b3 Nbd7 11. Nd3 Ne4 12. Bb2 Rc8 13. a4 a5 14. Rc1 c5 15. Nfe5 Nxe5 16. dxe5 Be7 17. Nf4 Qd7 18. cxd5 exd5 19. Bb5 Bc6 20. Bxc6 Rxc6 21. Qxd5+ Qxd5 22. Nxd5 Bg5 23. Rfd1 Rb8 24. f3 Rd8 25. fxe4 fxe4 26. g3 h5 27. h4 Rxd5 28. Rxd5 Bxe3+ 29. Kg2 Bxc1 30. Bxc1 c4 31. bxc4 Rxc4 32. Be3 Rxa4 33. Bxb6 Ra2+ 34. Kf1 a4 35. Rd4 e3 36. Re4 Kf7 37. Rxe3 Ke6 38. Bc7 Ra1+ 39. Kf2 a3 40. Bd6 a2 41. Ra3 g6 42. Ra8 Kd5 43. Bc7 Ke6 44. Kg2 Rc1 45. Rxa2 Rxc7 46. Ra6+ Kxe5 47. Rxg6 Rh7 48. Kf3 Kf5 49. Ra6 Rc7 50. Ra5+ Kg6 51. Rg5+ Kh6 52. Re5 Rc3+ 53. Kf4 Rc4+ 54. Re4 Rc1 55. Kf5 Rf1+ 56. Rf4 Rg1 57. Rf3 Re1 58. Kf6 Rc1 59. Re3 Rc6+ 60. Re6 Rc5 61. Kf7+ Kh7 62. Rf6 Re5 63. Rf4 Rd5 64. Kf6 Kh6 65. Re4 Rd3 66. Re8 Kh7 67. Re7+ Kh6 0-1


[Site "https://www.chess.com"]

[Event "Titled Tuesday Blitz July 11 Early 2023"]
[White "Vifleemskaia, Svetlana"]
[Black "campochess"]
[WhiteFideId "4129490"]
[WhiteElo "2307"]
[BlackElo "2124"]
[Result "1-0"]
[Round "8"]
[TimeControl "180+2"]
[Date "2023.07.11"]
[WhiteClock "0:00:34"]
[BlackClock "0:00:15"]
[Board "160"]

1. d4 Nf6 2. c4 c5 3. d5 b5 4. Nd2 d6 5. e4 bxc4 6. Bxc4 g6 7. b3 Bg7 8. Bb2 O-O 9. Qc2 Ba6 10. Ngf3 Bxc4 11. bxc4 Nbd7 12. O-O Rb8 13. Bc3 Nh5 14. Rab1 Qc7 15. Bxg7 Kxg7 16. Qc3+ Kg8 17. Rb5 Nf4 18. Re1 a6 19. Rb3 Rxb3 20. axb3 e6 21. g3 Nh5 22. Ra1 f5 23. Ng5 Ng7 24. Rxa6 exd5 25. exd5 Ne5 26. f4 Ng4 27. h3 Nf6 28. Ne6 Nxe6 29. dxe6 d5 30. Qe5 Qb7 31. e7 Re8 32. Rxf6 dxc4 33. Qe6+ Kg7 34. Rf8 Kh6 35. Rxe8 Qa7 36. Qe3 Qa1+ 37. Kg2 c3 38. Rc8 Qb2 39. e8=Q cxd2 40. Qf8+ Kh5 41. g4+ fxg4 42. hxg4+ Kxg4 43. Qh3# 1-0


[Site "https://www.chess.com"]

[Event "Titled Tuesday Blitz July 11 Early 2023"]
[White "Okike, David"]
[Black "cycygogne"]
[WhiteFideId "8500134"]
[WhiteElo "2305"]
[BlackElo "2116"]
[Result "1-0"]
[Round "8"]
[TimeControl "180+2"]
[Date "2023.07.11"]
[WhiteClock "0:01:22"]
[BlackClock "0:00:02"]
[Board "161"]

1. e4 e5 2. Nf3 Nc6 3. Bc4 Bc5 4. c3 Nf6 5. d3 O-O 6. O-O d6 7. Nbd2 a6 8. h3 Ba7 9. Re1 Be6 10. a4 Qd7 11. a5 Rad8 12. Bxe6 Qxe6 13. Qb3 Qxb3 14. Nxb3 Nh5 15. Be3 Bxe3 16. Rxe3 Nf4 17. Kh2 f6 18. g3 Ne6 19. c4 Ncd4 20. Nfxd4 Nxd4 21. Nxd4 exd4 22. Rf3 c5 23. b4 Rc8 24. Rb1 Rc7 25. Rf5 Re8 26. Rd5 Re6 27. bxc5 dxc5 28. f4 Kf7 29. Kg2 Re8 30. Rb6 Re6 31. Rb3 Re8 32. Kf3 Re6 33. g4 Re8 34. e5 fxe5 35. fxe5 Re6 36. h4 Ke7 37. Ke4 Rg6 38. g5 h6 39. Kf5 Re6 40. Rb1 g6+ 41. Ke4 h5 42. Rf1 Rc8 43. Rf6 Rf8 44. Rxc5 Rfxf6 45. gxf6+ Kd7 46. Kxd4 g5 47. hxg5 h4 48. Ke3 h3 49. Kf2 b6 50. Rd5+ Kc6 51. axb6 Kxb6 52. f7 h2 53. Kg2 Rg6 54. f8=Q Rxg5+ 55. Kxh2 1-0


[Site "https://www.chess.com"]

[Event "Titled Tuesday Blitz July 11 Early 2023"]
[White "AndresDelgado77"]
[Black "Ismayilova, Khanim"]
[BlackFideId "13429019"]
[WhiteElo "2297"]
[BlackElo "2043"]
[Result "1-0"]
[Round "8"]
[TimeControl "180+2"]
[Date "2023.07.11"]
[WhiteClock "0:00:41"]
[BlackClock "0:00:05"]
[Board "162"]

1. d4 d5 2. Nc3 Nf6 3. Bg5 e6 4. e4 Be7 5. e5 Nfd7 6. h4 Bxg5 7. hxg5 Qxg5 8. Nh3 Qe7 9. Qg4 g6 10. Nf4 c5 11. Nb5 cxd4 12. Nc7+ Kd8 13. Nxa8 Qb4+ 14. Kd1 Nc6 15. Qg5+ Ne7 16. Nd3 Qa4 17. Qf4 Nf5 18. g4 Ne7 19. Qxf7 b6 20. Nc7 Kxc7 21. Qxe7 Ba6 22. Qxe6 Rc8 23. Rxh7 Kb8 24. Qxd7 Qxc2+ 25. Ke1 Rc7 26. Qxc7+ Qxc7 27. Rxc7 Kxc7 28. Nb4 Bb7 29. Bb5 Kd8 30. Rc1 Ke7 31. Rc7+ 1-0


[Site "https://www.chess.com"]

[Event "Titled Tuesday Blitz July 11 Early 2023"]
[White "abelmat"]
[Black "Clawitter, Craig"]
[BlackFideId "2023105"]
[WhiteElo "1962"]
[BlackElo "2296"]
[Result "0-1"]
[Round "8"]
[TimeControl "180+2"]
[Date "2023.07.11"]
[WhiteClock "0:00:00"]
[BlackClock "0:00:26"]
[Board "163"]

1. d4 e6 2. c4 Nf6 3. Nf3 d5 4. Nc3 c6 5. e3 Nbd7 6. Bd3 dxc4 7. Bxc4 b5 8. Bd3 Bd6 9. O-O O-O 10. e4 e5 11. d5 cxd5 12. Nxd5 Nxd5 13. exd5 a6 14. Bg5 f6 15. Be3 f5 16. Bc2 Bb7 17. Ng5 f4 18. Ne6 Qh4 19. g3 Qh3 20. gxf4 exf4 21. Ng5 Qh6 22. Bxh7+ Kh8 23. Qg4 Ne5 0-1


[Site "https://www.chess.com"]

[Event "Titled Tuesday Blitz July 11 Early 2023"]
[White "Lohani, Sujana"]
[Black "Vaglio Munoz, Jaime"]
[WhiteFideId "12311987"]
[BlackFideId "6500145"]
[WhiteElo "1932"]
[BlackElo "2277"]
[Result "1/2-1/2"]
[Round "8"]
[TimeControl "180+2"]
[Date "2023.07.11"]
[WhiteClock "0:00:05"]
[BlackClock "0:00:31"]
[Board "164"]

1. d4 c6 2. Nf3 b5 3. g3 d5 4. Bg2 h6 5. O-O Bf5 6. c3 e6 7. Nbd2 a5 8. Re1 Nf6 9. Nh4 Bh7 10. e4 Be7 11. e5 Nfd7 12. Qg4 Kf8 13. Ndf3 c5 14. Qh5 cxd4 15. cxd4 Nc6 16. Bxh6 gxh6 17. Qxh6+ Ke8 18. Qg7 Rf8 19. Qxh7 Qb6 20. Red1 Bxh4 21. Qxh4 Ne7 22. Rac1 b4 23. b3 Ng6 24. Qg5 Qd8 25. Qd2 Ne7 26. Rc2 Nf5 27. Rdc1 Qb6 28. Rc6 Qd8 29. Bh3 Ne7 30. Rc7 Rh8 31. Bf1 Kf8 32. Bb5 Nb6 33. Qf4 Nf5 34. g4 Rg8 35. h3 Rc8 36. Rxc8 Nxc8 37. Kh2 Nfe7 38. Ng5 Rxg5 39. Qxg5 Qb6 40. Bd3 Qxd4 41. Qh6+ Ke8 42. Qh8+ Kd7 43. Bb5+ Nc6 44. Bxc6+ Kc7 45. Bb5+ Kb6 46. Qxc8 Qxf2+ 47. Kh1 Qf3+ 48. Kg1 Qg3+ 49. Kf1 Qxh3+ 50. Ke1 Qh1+ 51. Kd2 Qg2+ 52. Be2 d4 53. Qc6+ Qxc6 54. Rxc6+ Kxc6 55. Kd3 Kd5 56. Bf3+ Kxe5 57. Be4 f5 58. gxf5 exf5 59. Bf3 Kf4 60. Bh5 Ke5 61. Bf3 Kf4 62. Bc6 Ke5 63. Bb7 f4 64. Bf3 Kd6 65. Kxd4 Ke6 66. Ke4 Kd6 67. Kxf4 Kc5 68. Ke3 Kb5 69. Kd3 a4 70. Kd4 a3 71. Kd3 Kc5 72. Be2 Kd5 73. Bf3+ Kc5 74. Be4 Kb5 75. Bd5 Kc5 76. Bc4 Kd6 77. Ke4 Kc6 78. Kd4 Kb6 79. Kd5 Ka5 80. Kc5 1/2-1/2


[Site "https://www.chess.com"]